 Dungeon Crawl Stone Soup version 0.27-a0-200-g8ba017916c (webtiles) character file.

Game seed: 18132165513131445794

70 kae the Skirmisher (level 4, 0/40 HPs)
             Began as a Hill Orc Fighter on Jan 29, 2021.
             Slain by a gnoll
             ... wielding a +0 spear
              (4 damage)
             ... on level 2 of the Dungeon.
             The game lasted 00:00:56 (1457 turns).

kae the Skirmisher (Hill Orc Fighter)               Turns: 1457, Time: 00:00:57

Health: 0/40       AC:  7    Str: 19    XL:     4   Next: 21%
Magic:  4/4        EV:  7    Int:  8    God:
Gold:   61         SH:  9    Dex: 10    Spells: 3/3 levels left

rFire    . . .     SeeInvis .   a - +1 war axe
rCold    . . .     Faith    .   c - +0 kite shield
rNeg     . . .     Spirit   .   b - +0 scale mail
rPois    .         Reflect  .   (no helmet)
rElec    .         Harm     .   (no cloak)
rCorr    .         Rampage  .   (no gloves)
Will     .....                  (no boots)
Stlth    ..........             (no amulet)
HPRegen  0.13/turn              (no ring)
MPRegen  0.09/turn              (no ring)

@: no status effects
A: no striking features
a: no special abilities


You were on level 2 of the Dungeon.
You visited 1 branch of the dungeon, and saw 2 of its levels.

You collected 61 gold pieces.

Inventory:

Hand Weapons
 a - a +1 war axe (weapon)
Armour
 b - a +0 scale mail (worn)
 c - a +0 kite shield (worn)
Scrolls
 f - a scroll of magic mapping
 i - a scroll of blinking
Potions
 d - a potion of might
 e - a potion of curing
 j - a potion of lignification {unknown}


   Skills:
 + Level 4.2 Fighting
 * Level 4.1 Axes
 + Level 3.8 Armour
 + Level 1.1 Dodging
 - Level 3.2 Shields


You had 3 spell levels left.
You didn't know any spells.
Your spell library was empty.

Dungeon Overview and Level Annotations

Branches:
Dungeon (2/15)

Altars:


Message History

The gnoll hits you.
You barely miss the gnoll.
The gnoll is heavily wounded.
You block the gnoll's attack. x2; The gnoll barely misses you.
The gnoll closely misses you.
You slash the gnoll!
You kill the gnoll!
You block the gnoll's attack.
You see here a gnoll corpse.
The gnoll hits you with a +0 spear.
* * * LOW HITPOINT WARNING * * *
You see here a gnoll corpse.
You hit the gnoll but do no damage. The gnoll hits you with a +0 spear.
* * * LOW HITPOINT WARNING * * *
You block the gnoll's attack.
You closely miss the gnoll. The gnoll barely misses you.
You barely miss the gnoll. The gnoll hits you with a +0 spear.
* * * LOW HITPOINT WARNING * * *
The gnoll hits you with a +0 spear.
You die...

#.# #.# #.#
#.# #.# #.#
#.#
..##.#.###
........@.#
###...#.#g#
#...#.#)#
.... #.#.#
##.#. #...#
.... .....
.... .....
.###### #.


You could see a gnoll.

Vanquished Creatures
  3 gnolls (D:2)
  An ooze (D:1)
  A worm (D:2)
  3 giant cockroaches
  5 hobgoblins
  4 jackals (D:1)
  3 bats (D:1)
  A frilled lizard (D:1)
  4 goblins
  5 kobolds
  2 rats
32 creatures vanquished.

Notes
Turn   | Place    | Note
-------+----------+-------------------------------------------
     0 | D:1      | kae the Hill Orc Fighter began the quest for the Orb.
     0 | D:1      | Reached XP level 1. HP: 19/19 MP: 1/1
   396 | D:1      | Reached XP level 2. HP: 27/27 MP: 2/2
   672 | D:1      | Reached XP level 3. HP: 30/33 MP: 3/3
  1442 | D:2      | Reached skill level 1 in Dodging
  1449 | D:2      | Reached XP level 4. HP: 18/40 MP: 4/4
  1457 | D:2      | Slain by a gnoll

Illustrated notes

Levels and vault maps discovered:
D:1:      dpeg_arrival_rhombi, layout_loops_ring, serial_park_tiny_pond,
          chequers_serial_rivers_large_b, kennysheep_pointless_box
D:2:      minmay_razor_zed, layout_basic, uniq_jessica, uniq_robin

Skill      XL: |  1  2  3 |
---------------+----------+-----
Axes           | 3 4 |  4.1
Fighting       | 4 |  4.2
Dodging        | 1 |  1.1
Armour         | |  3.8
Shields        | |  3.2

Action                   |  1- 3 |  4- 6 || total
-------------------------+-------+-------++-------
Melee: War axe           |   113 |     6 ||   119
  Use: Scroll            |     6 |       ||     6
Armor: Scale mail        |    56 |       ||    56
Dodge: Dodged            |    40 |     3 ||    43
Block: Kite shield       |    65 |     4 ||    69

Table legend: (Time is in decaauts)
 A = Elapsed time spent in this place.
 B = Non-inter-level travel time spent in this place.
 C = Inter-level travel time spent in this place.
 D = Time resting spent in this place.
 E = Time spent auto-exploring this place.
 F = Levels seen in this place.
 G = Mean time per level.
                   A        B        C        D        E       F      G
               +--------+--------+--------+--------+--------+-----+--------+
         Total |   1548 |   1540 |      8 |    363 |    887 |   2 |  774.0 |
       Dungeon |   1548 |   1540 |      8 |    363 |    887 |   2 |  774.0 |
               +--------+--------+--------+--------+--------+-----+--------+

Top non-repeatable levels by time:
     D:1: 958 daAuts
     D:2: 590 daAuts
